Map: Disco Bloodbath LE

Players

Crimson

  • Race: Zerg Zerg
  • Spawn Location: 3:00

HalfBreed - Winner!

  • Race: Zerg Zerg
  • Spawn Location: 9:00

Event: NationWars 2019

VOD

Have the link to the VOD?

Description

Time

  • Played on: Sept. 28, 2019, 5:19 p.m.
  • Length: 9:57
Show
View Real Time Build Order
Export as new Build Order

Crimson Zerg 

Build Orders: Hatch First 

Get SALT Encoding   

  12  0:01  Drone  
  13  0:12  Overlord  
  13  0:17  Drone  
  14  0:31  Drone x2  
  16  0:48  Hatchery  
  15  0:51  Drone  
  15  0:55  Drone  
  17  0:59  Drone  
  18  1:09  Extractor  
  17  1:14  Spawning Pool  
  17  1:16  Drone  
  17  1:23  Drone  
  18  1:29  Drone  
  19  1:41  Drone  
  20  1:49  Drone  
  21  2:00  Overlord  
  21  2:01  Queen x2  
  21  2:02  Zergling x2  
  26  2:08  Metabolic Boost  
  26  2:13  Drone  
  26  2:14  Drone  
  28  2:32  Zergling x4  
  28  2:34  Drone x2  
  32  2:38  Hatchery  
  31  2:46  Baneling Nest  
  31  2:48  Overlord  
  31  2:50  Drone  
  31  2:55  Drone x2  
  33  3:10  Drone  
  33  3:11  Overlord  
  34  3:13  Drone x2  
  34  3:15  Zergling x6  
  34  3:17  Zergling x2  
  40  3:28  Zergling x2  
  40  3:30  Drone x2  
  40  3:32  Drone  
  44  3:39  Baneling x2  
  43  3:48  Drone x6  
  49  3:51  Baneling  
  49  3:52  Baneling  
  49  3:53  Evolution Chamber  
  48  3:57  Drone x2  
  48  3:59  Drone  
  48  4:01  Drone x2  
  53  4:03  Queen  
  53  4:06  Drone  
  52  4:20  Extractor, Zerg Missile Weapons Level 1  
  52  4:22  Extractor  
  49  4:25  Zergling x14  
  49  4:31  Roach Warren, Overlord  
  55  4:36  Zergling x4  
  55  4:38  Overlord x2  
  57  4:42  Baneling  
  57  4:45  Baneling x2  
  57  4:49  Drone x3  
  57  4:50  Overlord  
  60  5:05  Overlord x2  
  60  5:08  Baneling x2  
  60  5:12  Overlord  
  52  5:40  Zergling x4  
  52  5:41  Drone  
  52  5:42  Drone x13  
  67  5:43  Extractor  
  67  5:44  Lair  
  67  5:46  Extractor  
  67  5:47  Drone  
  67  5:49  Drone  
  65  5:56  Zergling x2  
  66  5:59  Baneling  
  62  6:15  Baneling  
  62  6:16  Baneling  
  62  6:19  Zerg Ground Armor Level 1  
  62  6:20  Drone x4  
  62  6:21  Drone x4  
  62  6:23  Drone  
  71  6:30  Overlord  
  71  6:31  Overlord  
  71  6:33  Drone x2  
  71  6:35  Hatchery  
  71  6:38  Drone, Evolution Chamber  
  72  6:47  Glial Reconstitution  
  72  6:49  Roach x10  
  72  6:50  Roach x3  
  72  6:54  Pneumatized Carapace  
  98  6:55  Roach x2  
  98  7:01  Overseer, Extractor  
  101  7:03  Overseer  
  101  7:06  Drone x3  
  101  7:07  Zerg Missile Weapons Level 2  
  104  7:12  Roach  
  104  7:13  Roach x3  
  104  7:15  Roach x3  
  118  7:19  Baneling x2  
  122  7:22  Roach  
  122  7:23  Roach x4  
  122  7:29  Roach  
  130  7:37  Overlord  
  130  7:38  Overlord x2  
  130  7:42  Overlord  
  130  7:43  Overlord  
  130  7:46  Overlord  
  130  7:47  Overlord  
  130  8:01  Roach x9  
  148  8:07  Tunneling Claws  
  148  8:08  Burrow  
  148  8:13  Roach x7  
  148  8:16  Roach x2  
  158  8:31  Roach x9  
  163  8:35  Roach  
  163  8:37  Roach x2  
  157  8:43  Roach x3  
  157  8:46  Roach x2  
  167  8:53  Roach x4  
  163  8:59  Roach  
  163  9:00  Roach x2  
  150  9:09  Roach  
  134  9:10  Roach x2  
  134  9:15  Roach  
  134  9:16  Roach x2  
  110  9:24  Roach x4  
  106  9:33  Hatchery  
  106  9:35  Overseer  
Show
View Real Time Build Order
Export as new Build Order

HalfBreed Zerg - Winner!

Build Orders: Hatch First 

Get SALT Encoding   

  12  0:01  Drone  
  13  0:12  Overlord  
  13  0:17  Drone  
  14  0:31  Drone x2  
  16  0:48  Hatchery  
  15  0:51  Drone  
  15  0:55  Drone  
  17  0:59  Drone  
  18  1:09  Extractor  
  17  1:15  Spawning Pool  
  17  1:17  Drone  
  17  1:20  Drone  
  18  1:28  Drone  
  19  1:41  Drone  
  20  1:51  Overlord  
  20  2:02  Queen x2  
  20  2:03  Drone, Zergling x2  
  26  2:10  Metabolic Boost  
  26  2:12  Drone x2  
  28  2:23  Drone x2  
  30  2:35  Hatchery  
  29  2:42  Drone x2  
  31  2:48  Baneling Nest  
  31  2:51  Overlord  
  30  2:55  Zergling x2  
  30  2:57  Drone x2  
  32  3:06  Drone  
  32  3:11  Zergling x2  
  34  3:13  Drone x2  
  34  3:14  Drone x2  
  34  3:18  Overlord  
  38  3:21  Queen  
  40  3:32  Drone x3  
  43  3:36  Evolution Chamber  
  43  3:38  Drone x2  
  44  3:41  Baneling  
  44  3:42  Baneling  
  44  3:47  Drone x5  
  49  3:53  Drone x2, Overlord  
  51  4:00  Zergling x2  
  51  4:02  Zergling x2  
  53  4:08  Queen  
  49  4:11  Zergling x8  
  49  4:14  Zerg Missile Weapons Level 1, Extractor x2  
  47  4:23  Drone x5  
  50  4:32  Baneling x2  
  50  4:34  Drone x5  
  55  4:42  Roach Warren  
  53  4:48  Lair  
  52  4:55  Baneling x2, Overlord  
  52  4:56  Drone x4  
  57  5:00  Drone x3  
  57  5:03  Overlord  
  59  5:09  Zergling x8  
  59  5:14  Zergling x6  
  64  5:15  Zergling x2  
  64  5:20  Zergling x2  
  64  5:21  Zergling x2, Drone x2  
  62  5:32  Drone  
  62  5:34  Drone x4  
  67  5:35  Overlord  
  67  5:36  Drone  
  62  5:44  Drone  
  62  5:45  Drone x3  
  66  5:50  Evolution Chamber  
  66  5:51  Drone  
  66  5:52  Extractor  
  66  5:53  Extractor  
  66  5:54  Overseer  
  64  5:57  Pneumatized Carapace  
  64  5:59  Drone, Overlord  
  65  6:08  Drone  
  65  6:09  Drone x4  
  65  6:10  Drone, Extractor, Overlord  
  67  6:13  Drone x2  
  67  6:17  Zerg Missile Weapons Level 2  
  67  6:18  Glial Reconstitution  
  68  6:19  Roach  
  68  6:20  Roach  
  72  6:26  Drone x2  
  72  6:29  Roach x3  
  80  6:36  Roach x4  
  80  6:39  Drone  
  89  6:45  Zerg Ground Armor Level 1  
  89  6:47  Drone  
  89  6:48  Drone  
  89  6:50  Roach x3  
  89  6:53  Hatchery  
  96  6:58  Overseer  
  96  7:00  Overlord  
  96  7:07  Roach  
  96  7:08  Roach x4  
  106  7:09  Overlord x2  
  106  7:17  Overlord  
  106  7:18  Overlord  
  106  7:27  Overlord  
  106  7:28  Overlord  
  108  7:30  Roach x4  
  114  7:41  Roach x9  
  114  7:43  Overlord  
  132  7:48  Tunneling Claws, Burrow  
  132  7:50  Roach  
  132  7:51  Roach x2  
  138  7:55  Ravager  
  138  7:56  Roach x2  
  143  8:07  Roach x7  
  157  8:13  Ravager  
  157  8:14  Ravager x2  
  160  8:20  Roach  
  160  8:21  Roach x7  
  172  8:32  Roach x5  
  172  8:39  Roach x3  
  176  8:42  Overlord  
  165  9:07  Roach x9  
  167  9:11  Roach x5  
  167  9:15  Roach x10  
  167  9:16  Queen  
  163  9:19  Roach  
  163  9:20  Roach x9  
  163  9:21  Roach x4  
  163  9:22  Roach x2  
  155  9:34  Overlord  
Tags
 
Add a new tag
Caveats
  • Supply blocks, unpowered buildings, or Contaminate may cause inaccurate times.
  • Supply counts are checked every 10 seconds.